 Dungeon Crawl Stone Soup version 0.29-a0-275-g389c0b56f3 (webtiles) character file.

Game seed: 17783133629462391109

2788 dolemite99 the Basher (level 9, -2/73 HPs)
             Began as a Minotaur Hunter on Mar 12, 2022.
             Was a Follower of Hepliaklqana.
             Slain by a four-headed hydra (14 damage)
             ... on level 7 of the Dungeon.
             The game lasted 00:11:02 (9090 turns).

dolemite99 the Basher (Minotaur Hunter)             Turns: 9090, Time: 00:11:03

Health: -2/73      AC:  7    Str: 18    XL:     9   Next: 43%
Magic:  8/8        EV: 10    Int:  8    God:    Hepliaklqana [*.....]
Gold:   1337       SH:  0    Dex: 14    Spells: 8/8 levels left

rFire   . . .      SeeInvis .   b - +1 hand crossbow
rCold   . . .      Faith    .   (no shield)
rNeg    + . .      Spirit   .   f - +0 scale mail
rPois   .          Reflect  .   (helmet restricted)
rElec   .          Harm     .   o - +0 cloak
rCorr   .          Rampage  .   (no gloves)
Will    .....                   (no boots)
Stlth   ..........              (no amulet)
HPRegen 0.22/turn               A - ring of positive energy
MPRegen 0.11/turn               (no ring)

@: about to teleport
A: reduced essence, horns 2, retaliatory headbutt
a: Renounce Religion, Recall Ancestor, Ancestor Identity


You were on level 7 of the Dungeon.
You worshipped Hepliaklqana.
Hepliaklqana was aware of your devotion.
You visited 2 branches of the dungeon, and saw 8 of its levels.
You also visited: Sewer.

You collected 1495 gold pieces.
You spent 143 gold pieces at shops.
You donated 15 gold pieces to Zin.

Inventory:

Hand Weapons
 a - the +8 mace of Zaalosisuc {vorpal, rElec Str+4 Int+5}
   (You found it on level 4 of the Dungeon)

   It inflicts extra damage upon your enemies.
   Str:       It affects your strength (+4).
   Int:       It affects your intelligence (+5).
   rElec:     It insulates you from electricity.
 b - a +1 hand crossbow (weapon)
 u - a +0 hunting sling
 D - a +1 short sword of venom
Missiles
 i - 176 stones
 z - 2 boomerangs
 B - 36 poisoned darts
 G - 3 silver javelins
Armour
 f - a +0 scale mail (worn)
 h - a +0 leather armour
 o - a +0 cloak (worn)
 p - a +0 chain mail
Jewellery
 r - a ring of protection from fire
 A - a ring of positive energy (left hand)
 C - an amulet of guardian spirit
Wands
 y - a wand of digging (6)
Scrolls
 c - a scroll of immolation
 d - 2 scrolls of teleportation
 e - a scroll of enchant weapon {unknown}
 l - a scroll of magic mapping {unknown}
 n - 2 scrolls of summoning {unknown}
 w - 3 scrolls of amnesia {unknown}
 E - a scroll of fear {unknown}
Potions
 g - 5 potions of brilliance
 j - 2 potions of attraction
 k - 3 potions of resistance
 q - 6 potions of curing
 s - a potion of lignification {unknown}
 t - 2 potions of magic {unknown}
 v - a potion of heal wounds {unknown}
 x - a potion of berserk rage {unknown}
 F - 4 potions of cancellation {unknown}
 H - 2 potions of haste {unknown}
 I - a potion of mutation {unknown}


   Skills:
 + Level 8.6 Fighting
 - Level 1.5 Short Blades
 - Level 10.1 Maces & Flails
 - Level 6.9 Crossbows
 - Level 2.1 Dodging
 - Level 0.7 Stealth
 - Level 4.2 Evocations


You had 8 spell levels left.
You didn't know any spells.
Your spell library contained the following spells:

 Spells                   Type           Power      Damage    Failure   Level
 Apportation              Tloc           0%         N/A       83%         1
 Sublimation of Blood     Necr           0%         N/A       92%         2
 Wereblood                Tmut           0%         N/A       92%         2
 Tukima's Dance           Hex            0%         N/A       99%         3
 Anguish                  Hex/Necr       0%         N/A       100%        4
 Alistair's Intoxication  Tmut/Pois      0%         N/A       100%        5
 Enfeeble                 Hex            0%         N/A       100%        7
 Summon Hydra             Summ           0%         N/A       100%        7


Dungeon Overview and Level Annotations

Branches:
Dungeon (7/15)             Temple (1/1) D:4           Sewer (visited)

Altars:
Ashenzari
Cheibriados
Dithmenos
Elyvilon
Fedhas
Gozag
Hepliaklqana
Kikubaaqudgha
Makhleb
Nemelex Xobeh
Okawaru
Qazlal
Ru
Sif Muna
Trog
Uskayaw
Vehumet
Wu Jian
Xom
Yredelemnul
Zin
The Shining One

Shops:
D:1 !   D:2 *

Annotations:
D:3 2 runed translucent doors, 1 transporter, sirJeffrey23's ghost, amateur DsMo
D:7 1 transporter, sokol815's ghost, novice KoBr


Innate Abilities, Weirdness & Mutations

Your life essence is reduced to manifest your ancestor. (-10% HP)
You have a pair of horns on your head.
You reflexively headbutt those who attack you in melee.


Message History

j - 2 potions of attraction
Okay, then.
As you read the scroll of teleportation, it crumbles to dust.
You feel strangely unstable.
The four-headed hydra bites Xochitl!
The four-headed hydra bites Xochitl.
The four-headed hydra bites Xochitl!
The four-headed hydra bites Xochitl.
Xochitl barely misses the four-headed hydra.
Your surroundings seem slightly different.
Xochitl hits the four-headed hydra!
The four-headed hydra misses you. The four-headed hydra bites you!
The four-headed hydra barely misses you.
The four-headed hydra bites you!
Xochitl hits the four-headed hydra.
As you read the scroll of teleportation, it crumbles to dust.
You feel strangely unstable. The four-headed hydra bites you!
The four-headed hydra barely misses you. x2
The four-headed hydra bites you but does no damage.
Xochitl hits the four-headed hydra.
The four-headed hydra attacks as you move away!
The four-headed hydra bites you.
The four-headed hydra bites you but does no damage.
The four-headed hydra barely misses you.
The four-headed hydra bites you but does no damage.
Your surroundings seem slightly different.
The four-headed hydra attacks as you move away!
The four-headed hydra bites you! The four-headed hydra bites you.
The four-headed hydra closely misses you.
The four-headed hydra bites you!
The four-headed hydra attacks as you move away!
The four-headed hydra bites you but does no damage.
The four-headed hydra bites you!
* * * LOW HITPOINT WARNING * * *
The four-headed hydra closely misses you.
The four-headed hydra bites you.
* * * LOW HITPOINT WARNING * * *
Found a glowing quarterstaff.
As you read the scroll of teleportation, it crumbles to dust.
You feel strangely unstable.
The four-headed hydra closely misses you.
The four-headed hydra bites you!
You die...

##################
...........ยง.....#
#####.......####.#
.........##.# #.#
######...##.####.#
#..###..)..@# #..#
######D# #.R# #R#
####..# #.#
#.....########.#
#.##...........#
#.############.#
#.# #.# ##.# #.#


You could see the friendly Xochitl the ancestor and a four-headed hydra (ally
target).

Vanquished Creatures
  Pikel (D:4)
  A wyvern (D:4)
  A steam dragon (D:7)
  An ice beast (D:6)
  2 sky beasts
  2 ogres
  A black bear (D:4)
  A phantom (D:4)
  4 kobold brigands
  A necrophage (D:6)
  2 scorpions
  A howler monkey (D:5)
  A jelly (D:6)
  2 hounds (D:5)
  6 orc priests
  A gnoll shaman (D:4)
  An iguana (D:7)
  2 orc wizards
  7 gnolls
  9 adders
  A river rat (D:6)
  A white imp (D:5)
  2 worms
  3 dart slugs
  14 orcs
  10 bats
  13 endoplasms
  A giant cockroach (D:3)
  5 goblins
  2 hobgoblins
  7 jackals
  24 kobolds
  9 quokkas
  8 ball pythons
  5 frilled lizards
  11 rats
163 creatures vanquished.

Vanquished Creatures (collateral kills)
  A steam dragon (D:7)
  An ogre (D:6)
  An iguana (D:7)
  An orc wizard (D:7)
  An adder (D:6)
  An orc (D:7)
6 creatures vanquished.

Vanquished Creatures (others)
  An ufetubus (D:7)
  2 plants (D:5)
3 creatures vanquished.

Grand Total: 172 creatures vanquished

Notes
Turn   | Place    | Note
-------+----------+-------------------------------------------
     0 | D:1      | dolemite99 the Minotaur Hunter began the quest for the Orb.
     0 | D:1      | Reached XP level 1. HP: 18/18 MP: 0/0
    54 | D:1      | Reached XP level 2. HP: 4/25 MP: 1/1
   425 | D:1      | Reached skill level 5 in Crossbows
   446 | D:1      | Found Nulem's Distillery.
   784 | D:1      | Reached XP level 3. HP: 30/30 MP: 2/2
  1475 | D:2      | Reached skill level 1 in Short Blades
  1921 | D:2      | Found Roomm's General Store.
  1926 | D:2      | Bought a wand of iceblast (9) for 143 gold pieces
  2375 | D:3      | Reached skill level 1 in Evocations
  2422 | D:3      | Reached XP level 4. HP: 37/37 MP: 3/3
  2423 | D:3      | Found a large runed translucent door.
  2424 | D:3      | Found a large runed translucent door.
  2434 | D:3      | Noticed sirJeffrey23's ghost (amateur DsMo)
  2489 | D:3      | Found a faded altar of an unknown god.
  2495 | D:3      | Noticed a golden eye
  2497 | D:3      | Noticed a floating eye
  2497 | D:3      | Noticed a floating eye
  2497 | D:3      | Noticed a great orb of eyes
  2615 | D:3      | Prayed at the altar of an unknown god.
  2615 | D:3      | Became a worshipper of Zin the Law-Giver
  2615 | D:3      | Reached * piety under Zin
  2683 | D:3      | Reached ** piety under Zin
  2809 | D:3      | Found a sparkling altar of Nemelex Xobeh.
  2809 | D:3      | Found a transporter.
  3322 | D:4      | Noticed a phantom
  3330 | D:4      | Killed a phantom
  3331 | D:4      | Reached XP level 5. HP: 39/42 MP: 4/4
  3369 | D:4      | Noticed an ogre
  3374 | D:4      | Killed an ogre
  3522 | D:4      | Reached XP level 6. HP: 50/50 MP: 5/5
  4417 | D:4      | Identified the +8 mace of Zaalosisuc {vorpal, rElec Str+4
                  | Int+5}
  4498 | D:4      | Reached skill level 1 in Maces & Flails
  4590 | D:4      | Reached skill level 2 in Maces & Flails
  4647 | D:4      | Noticed a wyvern
  4651 | D:4      | Killed a wyvern
  4652 | D:4      | Reached skill level 4 in Maces & Flails
  4652 | D:4      | Reached XP level 7. HP: 56/56 MP: 6/6
  4658 | D:4      | Found a staircase to the Ecumenical Temple.
  4667 | Temple   | Entered the Ecumenical Temple
  4814 | Temple   | Fell from the grace of Zin
  4814 | Temple   | Became a worshipper of Hepliaklqana the Forgotten
  5129 | D:5      | Entered Level 5 of the Dungeon
  5218 | D:5      | Noticed Pikel
  5231 | D:4      | Reached skill level 5 in Maces & Flails
  5554 | D:4      | Killed Pikel
  5555 | D:4      | Reached skill level 8 in Maces & Flails
  5555 | D:4      | Reached XP level 8. HP: 32/62 MP: 7/7
  6348 | D:5      | Reached skill level 9 in Maces & Flails
  7218 | D:6      | Reached skill level 10 in Maces & Flails
  7288 | D:6      | Found a glowing drain.
  7298 | Sewer    | Entered a sewer
  7876 | D:6      | Reached skill level 5 in Fighting
  7876 | D:6      | Reached XP level 9. HP: 74/74 MP: 8/8
  8005 | D:6      | Identified a scroll of acquirement
  8005 | D:6      | Acquired 1073 gold pieces
  8020 | D:6      | Reached * piety under Hepliaklqana
  8619 | D:7      | Noticed a troll
  8623 | D:7      | Noticed sokol815's ghost (novice KoBr)
  8623 | D:7      | Noticed a boulder beetle
  8635 | D:7      | Found a transporter.
  9060 | D:7      | Noticed a four-headed hydra
  9090 | D:7      | Slain by a four-headed hydra

Illustrated notes

Levels and vault maps discovered:
D:1:      roderic_octagonal_star, layout_basic, serial_shops,
          nicolae_shop_waterfront, minivault_25
D:2:      layout_basic, serial_shops, shop, eino_curves_02
D:3:      layout_basic, grunt_nemelex_the_gamble,
          hellmonk_ecumenical_altar_watching_god, ebering_ghost_disaster_area
D:4:      layout_loops_ring, temple_hall
D:5:      layout_rooms, nrook_uturn, serial_bayou_crossing, uniq_pikel
D:6:      layout_basic, gup_sewer_entry_bubbles, minmay_statues_item
D:7:      layout_loops_ring, gammafunk_ghost_arena, uniq_menkaure
Temple:   mainiacjoe_temple_trianglar_array

Skill      XL: |  1  2  3  4  5  6  7  8  9 |
---------------+----------------------------+-----
Crossbows      | 5 6 |  6.9
Short Blades   | 1 |  1.5
Evocations     | 1 3 4 |  4.2
Maces & Flails | 4 8 10 | 10.1
Fighting       | 5 8 |  8.6
Dodging        | |  2.1
Stealth        | |  0.7

Action                   |  1- 3 |  4- 6 |  7- 9 || total
-------------------------+-------+-------+-------++-------
Melee: Short sword       |     4 |    10 |       ||    14
       Headbutt          |       |     1 |    15 ||    16
       Mace              |       |       |   132 ||   132
       Punch             |       |       |     2 ||     2
 Fire: Hand crossbow     |   121 |    84 |   106 ||   311
Invok: Recall Ancestor   |       |       |     2 ||     2
Evoke: Wand              |       |     9 |       ||     9
  Use: Scroll            |       |     1 |     9 ||    10
Armor: Leather armour    |     4 |       |       ||     4
       Scale mail        |    19 |    19 |    79 ||   117
       Chain mail        |     5 |       |       ||     5
Dodge: Dodged            |    30 |    23 |   103 ||   156

Table legend: (Time is in decaauts)
 A = Elapsed time spent in this place.
 B = Non-inter-level travel time spent in this place.
 C = Inter-level travel time spent in this place.
 D = Time resting spent in this place.
 E = Time spent auto-exploring this place.
 F = Levels seen in this place.
 G = Mean time per level.
                   A        B        C        D        E       F      G
               +--------+--------+--------+--------+--------+-----+--------+
         Total |   9251 |   8981 |    270 |   3180 |   4191 |   9 | 1027.9 |
       Dungeon |   8298 |   8062 |    236 |   2980 |   3648 |   7 | 1185.4 |
        Temple |    412 |    378 |     34 |      0 |    356 |   1 |  412.0 |
         Sewer |    539 |    539 |      0 |    200 |    186 |   1 |  539.0 |
               +--------+--------+--------+--------+--------+-----+--------+

Top non-repeatable levels by time:
     D:4: 2500 daAuts
     D:1: 1444 daAuts
     D:3: 1041 daAuts
     D:5: 998 daAuts
     D:6: 909 daAuts
     D:2: 879 daAuts
   Sewer: 539 daAuts
     D:7: 524 daAuts
  Temple: 412 daAuts
